Map: Ley Lines

Players

Dedication

  • Race: Terran Terran
  • League: Diamond
  • Spawn Location: 7:00

wootwoot - Winner!

  • Race: Zerg Zerg
  • League: Diamond
  • Spawn Location: 1:00

VOD

Have the link to the VOD?

Description

Time

  • Played on: April 3, 2025, 12:18 a.m.
  • Length: 4:10
Show
View Real Time Build Order
Export as new Build Order

Dedication Terran 

Build Orders: Reaper Expand 

Get SALT Encoding   

  12  0:00  SCV  
  13  0:12  SCV  
  14  0:16  Supply Depot  
  14  0:24  SCV  
  15  0:38  SCV  
  15  0:39  Barracks  
  16  0:42  Refinery  
  16  0:50  SCV  
  17  1:02  SCV  
  18  1:14  SCV  
  19  1:26  Orbital Command, Reaper  
  20  1:41  Command Center  
  20  1:52  SCV  
  21  1:55  Supply Depot  
  21  1:58  Marine  
  22  2:04  SCV  
  23  2:08  Factory  
  23  2:16  SCV  
  24  2:23  Barracks Reactor  
  24  2:29  SCV  
  25  2:41  SCV  
  26  2:45  Command Center  
  26  2:53  SCV  
  26  2:54  Refinery  
  26  2:58  SCV  
  28  3:05  Marine x2, Hellion  
  30  3:11  Supply Depot  
  31  3:19  Starport  
  30  3:33  Marine, Hellion  
  29  3:50  Marine  
Show
View Real Time Build Order
Export as new Build Order

wootwoot Zerg - Winner!

Build Orders: Hatch First 

Get SALT Encoding   

  12  0:01  Drone  
  13  0:12  Overlord  
  13  0:16  Drone  
  14  0:30  Drone x2  
  16  0:47  Hatchery  
  16  0:49  Drone  
  16  0:53  Drone  
  16  0:56  Drone  
  18  0:58  Extractor  
  17  1:13  Spawning Pool  
  17  1:15  Drone  
  17  1:19  Drone  
  18  1:28  Drone  
  19  1:38  Overlord  
  19  2:00  Metabolic Boost  
  19  2:03  Queen x2  
  19  2:07  Zergling x2  
  24  2:11  Zergling x2  
  24  2:13  Zergling x2  
  26  2:17  Zergling x2  
  26  2:20  Zergling x2  
  28  2:24  Zergling x2  
  29  2:44  Drone, Overlord  
  30  2:45  Baneling Nest  
  30  2:50  Zergling x6  
  32  3:01  Zergling x4  
  33  3:06  Zergling x4  
  35  3:14  Zergling x6  
  35  3:16  Zergling x2  
  39  3:21  Zergling x2  
  39  3:26  Zergling x4  
  41  3:30  Zergling x2  
  41  3:36  Zergling x2  
  41  3:37  Zergling x2  
  41  3:42  Zergling x2  
  41  3:44  Zergling x2  
  41  3:45  Zergling x2  
Tags
 
Add a new tag
Caveats
  • Supply blocks, unpowered buildings, or Contaminate may cause inaccurate times.
  • Supply counts are checked every 10 seconds.